 Dungeon Crawl Stone Soup version 0.22-a0-429-g97ce8ef (webtiles) character file.

16 Gorglomux the Ducker (level 2, -14/16 HPs)
             Began as a Spriggan Berserker on May 25, 2018.
             Demolished by a polar bear (23 damage)
             ... created by the rage of Trog
             ... on level 1 of the Dungeon.
             The game lasted 00:01:18 (383 turns).

Gorglomux the Ducker (Spriggan Berserker)            Turns: 383, Time: 00:01:18

Health: -14/16     AC:  2    Str: 13    XL:     2   Next: 37%
Magic:  3/3        EV: 20    Int:  8    God:
Gold:   5          SH:  0    Dex: 18    Spells: 1/1 levels left

rFire    . . .     SeeInvis +   a - +0 short sword
rCold    . . .     Gourm    .   (shield restricted)
rNeg     . . .     Faith    .   b - +0 animal skin
rPois    .         Spirit   .   (helmet restricted)
rElec    .         Reflect  .   (no cloak)
rCorr    .         Harm     .   (gloves unavailable)
MR       .....                  (boots unavailable)
Stlth    +.........             (no amulet)
HPRegen  0.05/turn              d - +3 ring of dexterity
MPRegen  0.08/turn              e - ring of wizardry

@: confused, very quick
A: very small, unfitting armour, see invisible, herbivore, speed 3, slow
metabolism 2
a: no special abilities


You were on level 1 of the Dungeon.
You were not hungry.

You visited 1 branch of the dungeon, and saw 1 of its levels.

You collected 5 gold pieces.

Inventory:

Hand Weapons
 a - a +0 short sword (weapon)
Armour
 b - a +0 animal skin (worn)
Jewellery
 d - a +3 ring of dexterity (left hand)
 e - a ring of wizardry (right hand)
Comestibles
 c - a ration


   Skills:
 - Level 2.4 Fighting
 - Level 3.2 Short Blades
 - Level 4.4 Dodging
 + Level 3.5 Stealth


You had one spell level left.
You didn't know any spells.
Your spell library was empty.

Dungeon Overview and Level Annotations

Branches:
Dungeon (1/15)

Altars:


Innate Abilities, Weirdness & Mutations

You are very small and have problems with some larger weapons.
You are too small for most types of armour.
You have supernaturally acute eyesight. (SInv)
You are a herbivore.
You cover ground extremely quickly.
You need to consume almost no food.


Message History

You annihilate the leopard gecko!!!
You see here a leopard gecko corpse!
No target in view!!!
A kobold comes into view! It is butt a club!
e - a glowing copper ring
There are no items here!
Put on which piece of jewellery? (? for menu, Esc to quit)
e - a ring of wizardry (right hand)
You start resting!
Trog sends monsters to punish you! The divine experience butts you!!!
You are confused! 2 polar bears and a black bear come into view!
There butts a stone staircase leading down here!
You aren't carrying any potions!
The polar bear bites you!
The polar bear claws butt!
The polar bear completely misses you!
You see here a leopard gecko corpse!
You're too confused to move!!!
The polar bear bites you!!!!!!
DANG rip

....... ....... K......
.......# . .....# . #...#
.# #...####+#.###
#............# ##
###..@h......#
.#############..h.......#
................>h.[....#
####..########..........#
.# #..# #...........
.###..# #..........#
..##..# #.........!.
...#..# #..........#
#..#..# ............


You could see 2 polar bears and a black bear (berserk).

Vanquished Creatures
  A dart slug (D:1)
  A leopard gecko (D:1)
  2 bats (D:1)
  A giant cockroach (D:1)
  2 goblins (D:1)
  A hobgoblin (D:1)
  A frilled lizard (D:1)
  A kobold (D:1)
  3 rats (D:1)
13 creatures vanquished.

Notes
Turn   | Place    | Note
-------+----------+-------------------------------------------
     0 | D:1      | Gorglomux the Spriggan Berserker began the quest for the Orb.
     0 | D:1      | Reached XP level 1. HP: 11/11 MP: 2/2
     0 | D:1      | Fell from the grace of Trog
    17 | D:1      | Reached skill level 1 in Stealth
   155 | D:1      | Reached skill level 3 in Stealth
   155 | D:1      | Reached XP level 2. HP: 10/16 MP: 3/3
   210 | D:1      | Noticed a black bear
   210 | D:1      | Noticed a polar bear
   210 | D:1      | Noticed a black bear
   379 | D:1      | Noticed a black bear
   379 | D:1      | Noticed a polar bear
   379 | D:1      | Noticed a polar bear
   383 | D:1      | Demolished by a polar bear

Vault maps used:
D:1:      dpeg_arrival_arbitrary_b

Skill      XL: |  1 |
---------------+----+-----
Stealth        | 3 |  3.5
Fighting       | |  2.4
Short Blades   | |  3.2
Dodging        | |  4.4

Action                   || total
-------------------------++-------
Melee: Short sword       ||    66
Invok: Renounce Religion ||     1
Armor: Animal skin       ||     8
Dodge: Dodged            ||    76

Table legend:
 A = Spawn XP
 B = Non-spawn XP
 C = Spawn XP percentage of total XP
 D = Spawn monster count
 E = Non-spawn monster count
 F = Spawn count percentage of total count
 G = Total turns spent on level
                    A         B        C        D         E        F      G
               +---------+---------+-------+---------+---------+-------+---------
         Total |       0 |      23 |   0.0 |       0 |      13 |   0.0 |   383
               +---------+---------+-------+---------+---------+-------+---------
           D:1 |       0 |      23 |   0.0 |       0 |      13 |   0.0 |   383
               +---------+---------+-------+---------+---------+-------+---------
